 Dungeon Sprint DCSS version 0.16-b1 (webtiles) character file.

4300000 Medar the Axe Maniac (level 21, -6/265 HPs)
             Began as an Ogre Monk on Mar 8, 2015.
             Was the Champion of Makhleb.
             Mangled by The Servant
             ... wielding a +9 glaive of flaming
              (126 damage)
             ... in the Dungeon (Sprint VIII: "Arena of Blood").
             The game lasted 00:02:35 (43 turns).

Medar the Axe Maniac (Ogre Monk)                      Turns: 43, Time: 00:02:35

Health: -6/265     AC:  5    Str: 22    XL:     21   Next: 0%
Magic:  21/41      EV: 32    Int:  9    God:    Makhleb [******]
Gold:   0          SH:  0    Dex: 19    Spells: 0 memorised, 52 levels left

rFire  . . .     SeeInvis .     i - +∞ Axe of Woe
rCold  . . .     Clarity  .     a - +0 robe
rNeg   . . .     SustAb   .     (shield restricted)
rPois  .         Gourm    .     (helmet restricted)
rElec  .         Spirit   .     (no cloak)
rCorr  .         Warding  .     (gloves unavailable)
rMut   .         NoTele   +     (boots unavailable)
MR     ++...                    (no amulet)
Stlth  +++++.....               (no ring)
                                (no ring)

@: very resistant to hostile enchantments, quite stealthy
A: unfitting armour, tough skin 1
a: Minor Destruction, Lesser Servant of Makhleb, Major Destruction, Greater
Servant of Makhleb, Renounce Religion


You were in the Dungeon.
You worshipped Makhleb.
Makhleb was exalted by your worship.
You were not hungry.

You visited 1 branch

Inventory:

Hand weapons
 i - the +∞ Axe of Woe (weapon)
   (You found it in the Dungeon)
Armour
 a - a +0 robe (worn)
Scrolls
 h - a scroll of blinking
Potions
 c - a potion of curing {@q1}
 d - a potion of heal wounds
 e - a potion of haste
 f - 2 potions of magic
 g - a potion of berserk rage {!q}
Comestibles
 b - a meat ration


   Skills:
 O Level 27 Fighting
 O Level 27 Axes
 + Level 16.3 Throwing
 O Level 27 Armour
 O Level 27 Dodging
 + Level 18.2 Stealth
 + Level 18.5 Unarmed Combat
 + Level 16.3 Spellcasting
 + Level 16.3 Invocations


You had 52 spell levels left.
You didn't know any spells.

Dungeon Overview and Level Annotations

Branches:
Dungeon (1/1)

Altars:
Makhleb

Annotations:
D The Servant


Innate Abilities, Weirdness & Mutations

You are too large for most types of armour.
You have tough skin (AC +1).


Message History

A bag of meat comes into view. It is wielding a +9 war axe.
The bag of meat shouts!
A bag of meat comes into view. It is wielding a +9 war axe.
The bag of meat shouts!
A meat berserker comes into view. It is wielding a +9 battleaxe.
You hear a shout! x5
The destroyer blinks!
You hear a shout! x2
The bag of meat moves out of view.
You hear a shout! x2 2 hill giants and a skeletal warrior come into view.
An orc and a vampire knight come into view.
The large bag of meat shouts!
You hear a shout!
You hear a shout!
You hear a shout! x2
The destroyer blinks!
You hear a shout! x3
The destroyer blinks!
You hear a shout!
The Servant hits you from afar with a +9 glaive of flaming!!!!
You die... .... ..........
CVo..

.o....... .oo..o
#.......# ...#.z.
#.......#
#...o.o###o......###.
.........)..###.....§.
.....#.oO.@oo._.D......
...#.......#.o)).#.....
#.....§V@..#_)§§_# .
...#.......#§))).#
....#..OV...§§§....
....§.......###......
.......###.... ..###.
.o.zC. #.... ..# .....
#... ..# V..V ... .. .


You could see The Servant, 5 destroyers, 2 sculptors of flesh, a large bag of
meat (inner flame), 2 meat berserkers and 11 bags of meat.

Vanquished Creatures
  2 hill giants (D)
  11 ogres (D)
  21 orcs (D)
  A vampire knight (D)
35 creatures vanquished.

Notes
Turn   | Place    | Note
--------------------------------------------------------------
     0 | D        | Medar, the Ogre Monk, began the quest for the Orb.
     0 | D        | Reached XP level 1. HP: 24/24 MP: 1/1
     3 | D        | Noticed a bag of meat
     4 | D        | Became a worshipper of Makhleb the Destroyer
     4 | D        | Acquired Makhleb's first power
     4 | D        | Acquired Makhleb's second power
     6 | D        | Noticed a bag of meat
     6 | D        | Noticed a bag of meat
     6 | D        | Noticed a meat berserker
     7 | D        | Noticed a meat berserker
     8 | D        | Noticed a bag of meat
     9 | D        | Noticed a meat berserker
     9 | D        | Noticed a meat berserker
     9 | D        | Killed a meat berserker
     9 | D        | Reached skill level 17 in Fighting
     9 | D        | Reached XP level 2. HP: 28/62 MP: 2/2
     9 | D        | Reached XP level 3. HP: 31/70 MP: 3/3
     9 | D        | Reached XP level 4. HP: 35/80 MP: 4/4
     9 | D        | Reached XP level 5. HP: 38/88 MP: 5/5
     9 | D        | Reached XP level 6. HP: 41/97 MP: 6/6
     9 | D        | Reached XP level 7. HP: 44/105 MP: 7/7
     9 | D        | Reached XP level 8. HP: 48/115 MP: 8/8
     9 | D        | Reached XP level 9. HP: 51/123 MP: 9/9
     9 | D        | Reached XP level 10. HP: 54/132 MP: 10/10
     9 | D        | Reached XP level 11. HP: 57/140 MP: 11/11
    10 | D        | Killed a meat berserker
    10 | D        | Reached XP level 12. HP: 61/150 MP: 12/12
    10 | D        | Killed a meat berserker
    10 | D        | Acquired Makhleb's third power
    10 | D        | Reached XP level 13. HP: 64/158 MP: 13/13
    11 | D        | Noticed a meat berserker
    11 | D        | Killed a bag of meat
    11 | D        | Reached skill level 19 in Axes
    11 | D        | Reached XP level 14. HP: 56/167 MP: 14/14
    11 | D        | Killed a bag of meat
    11 | D        | Acquired Makhleb's fourth power
    11 | D        | Reached skill level 21 in Axes
    12 | D        | Noticed a bag of meat
    12 | D        | Noticed a meat berserker
    12 | D        | Noticed a bag of meat
    12 | D        | Noticed a bag of meat
    12 | D        | Killed a bag of meat
    12 | D        | Reached skill level 22 in Axes
    12 | D        | Reached XP level 15. HP: 59/176 MP: 15/15
    13 | D        | Killed a meat berserker
    13 | D        | Acquired Makhleb's fifth power
    13 | D        | Reached skill level 24 in Axes
    13 | D        | Killed a bag of meat
    13 | D        | Reached skill level 25 in Axes
    14 | D        | Noticed a meat berserker
    15 | D        | Noticed a meat berserker
    15 | D        | Killed a bag of meat
    15 | D        | Reached skill level 5 in Armour
    15 | D        | Reached XP level 16. HP: 184/189 MP: 16/16
    16 | D        | Noticed a bag of meat
    16 | D        | Noticed a meat berserker
    17 | D        | Noticed a bag of meat
    17 | D        | Noticed a large bag of meat
    17 | D        | Noticed a bag of meat
    17 | D        | Noticed a bag of meat
    17 | D        | Noticed a bag of meat
    18 | D        | Noticed a bag of meat
    18 | D        | Killed a bag of meat
    18 | D        | Reached skill level 15 in Dodging
    19 | D        | Noticed a bag of meat
    19 | D        | Killed a meat berserker
    19 | D        | Reached skill level 26 in Axes
    19 | D        | Killed a meat berserker
    20 | D        | Noticed a meat berserker
    20 | D        | Noticed a bag of meat
    21 | D        | Noticed a large bag of meat
    21 | D        | Noticed a bag of meat
    21 | D        | Killed a meat berserker
    21 | D        | Reached XP level 17. HP: 209/213 MP: 17/17
    22 | D        | Noticed a bag of meat
    23 | D        | Noticed a bag of meat
    23 | D        | Killed a bag of meat
    23 | D        | Reached skill level 27 in Axes
    24 | D        | Noticed a bag of meat
    24 | D        | Killed a large bag of meat
    24 | D        | Killed a bag of meat
    24 | D        | Reached skill level 15 in Armour
    24 | D        | Killed a bag of meat
    24 | D        | Reached skill level 27 in Fighting
    24 | D        | Reached XP level 18. HP: 231/236 MP: 18/18
    24 | D        | Killed a bag of meat
    25 | D        | Killed a bag of meat
    25 | D        | Killed a bag of meat
    27 | D        | Killed a meat berserker
    27 | D        | Killed a meat berserker
    27 | D        | Reached XP level 19. HP: 245/245 MP: 18/18
    27 | D        | Killed a bag of meat
    28 | D        | Noticed a bag of meat
    29 | D        | Noticed The Servant
    29 | D        | Noticed a large bag of meat
    29 | D        | Killed a bag of meat
    29 | D        | Reached skill level 27 in Dodging
    29 | D        | Killed a bag of meat
    30 | D        | Noticed a bag of meat
    30 | D        | Killed a bag of meat
    30 | D        | Reached skill level 27 in Armour
    31 | D        | Noticed a destroyer
    31 | D        | Killed a bag of meat
    31 | D        | Reached XP level 20. HP: 256/256 MP: 18/32
    32 | D        | Noticed a destroyer
    32 | D        | Killed a large bag of meat
    32 | D        | Reached skill level 15 in Unarmed Combat
    32 | D        | Killed a bag of meat
    32 | D        | Reached skill level 15 in Stealth
    32 | D        | Killed a bag of meat
    33 | D        | Noticed a bag of meat
    33 | D        | Killed a bag of meat
    34 | D        | Noticed a bag of meat
    34 | D        | Noticed an eight-headed meat hydra
    34 | D        | Noticed a bag of meat
    35 | D        | Noticed a bag of meat
    35 | D        | Noticed a meat berserker
    36 | D        | Killed a destroyer
    37 | D        | Noticed a meat berserker
    38 | D        | Noticed a destroyer
    38 | D        | Noticed a bag of meat
    39 | D        | Noticed a meat berserker
    39 | D        | Killed a meat berserker
    39 | D        | Reached skill level 15 in Throwing
    39 | D        | Reached skill level 15 in Spellcasting
    39 | D        | Reached skill level 15 in Invocations
    39 | D        | Noticed a bag of meat
    40 | D        | Noticed a destroyer
    40 | D        | Noticed a sculptor of flesh
    40 | D        | Noticed a bag of meat
    40 | D        | Noticed a bag of meat
    40 | D        | Noticed a bag of meat
    41 | D        | Noticed a bag of meat
    41 | D        | Killed a meat berserker
    41 | D        | Killed a bag of meat
    41 | D        | Reached XP level 21. HP: 119/265 MP: 20/41
    41 | D        | Noticed a bag of meat
    41 | D        | Noticed a bag of meat
    42 | D        | Noticed a meat berserker
    43 | D        | Noticed a sculptor of flesh
    43 | D        | Noticed a large bag of meat
    43 | D        | Noticed a large bag of meat
    43 | D        | Noticed a bag of meat
    43 | D        | Noticed a destroyer
    43 | D        | Mangled by The Servant

Action                   |  1- 3 |  4- 6 |  7- 9 | 10-12 | 13-15 | 16-18 | 19-21 || total
-------------------------+-------+-------+-------+-------+-------+-------+-------++-------
Melee: Executioner's axe |     1 |       |       |     1 |     4 |     7 |     8 ||    21
